 Dungeon Crawl Stone Soup version 0.32-a0-433-g08bcfe7efd (webtiles) character file.

Game seed: 2447345167784681264

243796 BubbleThief the Imperceptible (level 18, 0/102 HPs)
             Began as a Felid Enchanter on Feb 22, 2024.
             Was a High Priest of Jiyva.
             Killed by the air
             ... invoked by a spriggan air mage
              (30 damage)
             ... on level 3 of the Depths.
             The game lasted 01:14:54 (22646 turns).

BubbleThief the Imperceptible (Felid Enchanter)    Turns: 22646, Time: 01:14:56

Health: 0/102      AC:  5    Str:  9    XL:     18   Next: 86%
Magic:  23/28      EV: 39    Int: 31    God:    Jiyva [*****.]
Gold:   552        SH:  5    Dex: 26    Spells: 8/29 levels left
                                        Lives:  0   Deaths: 6

rFire   . .          .
                       - Unarmed
rCold   + . .        (shield unavailable)
rNeg    . . .        (body armour unavailable)
rPois   .            (helmet unavailable)
rElec   +            (cloak unavailable)
rCorr   +            (gloves unavailable)
SInv    +            (boots unavailable)
Will    ++++.        H - amulet of Qitawee Vuof {Reflect rElec Int+2 Dex-3 Slay+2 SH+5}
Stlth   ++++++++     x - ring of the Feeding Seeker {Int+3 Slay+4}
HPRegen 1.81/turn    F - ring "Ibreal" {Fly Int+3 Dex+3}
MPRegen 0.93/turn

%: reflection
@: flying
A: very small, claws 1, fangs 3, see invisible, shaggy fur 3, stealthy paws, no
weapons or thrown items, no armour, multi-lived, iridescent scales 1, agile 1,
clever 2, strong-willed 2, strong 2, wild magic 3, acidic bite, pseudopods 2,
tendrils, jelly sensing items, jelly absorbing missiles
}: 1/15 runes: slimy
a: Renounce Religion, Oozemancy, Slimify


You were on level 3 of the Depths.
You worshipped Jiyva.
Jiyva was extremely pleased with you.
You visited 5 branches of the dungeon, and saw 30 of its levels.
You also visited: Sewer, Bailey and Ice Cave.

You collected 2065 gold pieces.
You spent 1513 gold pieces at shops.

Inventory:

Jewellery
 c - the ring "Taxton" {rC- Will+ Int+6 SInv}
   (You found it on level 5 of the Dungeon)

   [ring of intelligence]

   Int+6:     It affects your intelligence (+6).
   rC-:       It makes you vulnerable to cold.
   Will+:     It increases your willpower.
   SInv:      It lets you see invisible.
 x - the ring of the Feeding Seeker (left paw) {Int+3 Slay+4}
   (You found it in a bailey)

   [ring of slaying]

   Int+3:     It affects your intelligence (+3).
   Slay+4:    It affects your accuracy & damage with ranged weapons and melee
   (+4).
 F - the ring "Ibreal" (right paw) {Fly Int+3 Dex+3}
   (You found it on level 5 of the Pits of Slime)

   [ring of flight]

   Int+3:     It affects your intelligence (+3).
   Dex+3:     It affects your dexterity (+3).
   Fly:       It grants you flight.
 H - the amulet of Qitawee Vuof (around neck) {Reflect rElec Int+2 Dex-3 Slay+2 SH+5}
   (You bought it in a shop on level 2 of the Orcish Mines)

   [amulet of reflection]

   Reflect:   It reflects blocked missile attacks.
   Int+2:     It affects your intelligence (+2).
   Dex-3:     It affects your dexterity (-3).
   Slay+2:    It affects your accuracy & damage with ranged weapons and melee
   (+2).
   rElec:     It insulates you from electricity.
   SH+5:      It affects your SH (+5).
 I - the ring "Abases" {Will- AC+4 Str-2 Int+9 Stlth+}
   (You found it on level 3 of the Depths)

   [ring of protection]

   AC+4:      It affects your AC (+4).
   Str-2:     It affects your strength (-2).
   Int+9:     It affects your intelligence (+9).
   Will-:     It decreases your willpower.
   Stlth+:    It makes you more stealthy.
Wands
 l - a wand of quicksilver (3)
 m - a wand of roots (24)
 s - a wand of flame (21)
 z - a wand of mindburst (5)
 G - a wand of paralysis (7)
Scrolls
 f - 4 scrolls of fear
 k - 9 scrolls of teleportation
 q - 2 scrolls of identify
 r - 7 scrolls of fog
 u - a scroll of brand weapon
 v - 3 scrolls of blinking
 w - 3 scrolls of butterflies
 y - 2 scrolls of amnesia
 B - 3 scrolls of revelation
Potions
 a - 8 potions of invisibility
 b - 9 potions of might
 e - 8 potions of heal wounds
 g - 6 potions of brilliance
 h - 2 potions of curing
 i - 7 potions of haste
 j - 5 potions of mutation
 n - 2 potions of enlightenment {unknown}
 o - 2 potions of berserk rage
 t - a potion of magic
 A - 3 potions of attraction
 E - a potion of lignification {unknown}
Miscellaneous
 p - a phial of floods
 C - a lightning rod (4/4)
 D - a box of beasts


   Skills:
 + Level 14.0 Fighting
 + Level 18.1 Dodging
 + Level 21.4 Stealth
 + Level 17.1 Unarmed Combat
 - Level 6.0 Spellcasting
 + Level 20.7 Hexes


You had 8 spell levels left.
You knew the following spells:

 Your Spells              Type           Power      Damage    Failure   Level
a - Ensorcelled Hibernat  Hex/Ice        100%       N/A       2%          2
b - Confusing Touch       Hex            100%       N/A       1%          3
c - Blink                 Tloc           34%        N/A       24%         2
d - Lesser Beckoning      Tloc           34%        N/A       24%         2
e - Manifold Assault      Tloc           17%        N/A       69%         4
f - Discord               Hex            66%        N/A       21%         8

Your spell library contained the following spells:

 Spells                   Type           Power      Damage    Failure   Level
 Tukima's Dance           Hex            100%       N/A       1%          3
 Dazzling Flash           Conj/Hex       100%       N/A       3%          3
 Inner Flame              Hex/Fire       96%        N/A       3%          3
 Apportation              Tloc           34%        N/A       17%         1
 Magic Dart               Conj           68%        1d6       17%         1
 Necrotise                Necr           68%        1d7       17%         1
 Sting                    Conj/Alch      68%        1d7       17%         1
 Summon Small Mammal      Summ           68%        N/A       17%         1
 Call Imp                 Summ           34%        N/A       24%         2
 Mercury Vapours          Alch/Air       34%        N/A       24%         2
 Momentum Strike          Conj/Tloc      34%        3d8       24%         2
 Call Canine Familiar     Summ           17%        N/A       36%         3
 Fugue of the Fallen      Necr           17%        N/A       36%         3
 Mephitic Cloud           Conj/Alch/Air  17%        N/A       36%         3
 Ozocubu's Armour         Ice            17%        N/A       36%         3
 Volatile Blastmotes      Fire/Tloc      34%        2d12      36%         3
 Olgreb's Toxic Radiance  Alch           17%        N/A       69%         4
 Summon Blazeheart Golem  Fire/Summ      17%        N/A       69%         4
 Vhi's Electric Charge    Tloc/Air       34%        N/A       69%         4
 Arcjolt                  Conj/Air       8%         1d18      94%         5
 Freezing Cloud           Conj/Ice/Air   8%         6-21      94%         5
 Plasma Beam              Fire/Air       8%         2x1d19    100%        6
 Sculpt Simulacrum        Ice/Alch       8%         N/A       100%        6
 Starburst                Conj/Fire      8%         6d4       100%        6
 Ozocubu's Refrigeration  Ice            8%         4d9       100%        7
 Maxwell's Capacitive Co  Air            8%         ∞         100%        8
 Polar Vortex             Ice            8%         12d1*     100%        9


Dungeon Overview and Level Annotations

Branches:
Dungeon (15/15)            Temple (0/1) D:7            Lair (5/5) D:10
  Swamp (0/4) Lair:2       Spider (0/4) Lair:3        Slime (5/5) Lair:4
    Orc (2/2) D:10            Elf (0/3) Orc:2        Depths (3/4) D:15
  Sewer (visited)          Bailey (visited)           IceCv (visited)
 Vaults: D:13-14

Altars:
Fedhas
Gozag
Hepliaklqana
Okawaru
Ru
Sif Muna
Uskayaw
Vehumet
Wu Jian
The Shining One
Beogh
Jiyva

Shops:
D:1 !   D:5 *   D:11 ?   D:15 :   Orc:2 :[*(

Portals:
Hell: Depths:1 Depths:2
Abyss: Depths:1
Pandemonium: Depths:2
Ziggurat: Depths:2

Annotations:
D:12 exclusion: door
Lair:5 exclusion: obsidian statue
Slime:5 Royal Jelly


Innate Abilities, Weirdness & Mutations

You have sharp claws.
You have razor-sharp teeth.
You have supernaturally acute eyesight. (SInv)
Your thick and shaggy fur keeps you warm. (AC +3, rC+)
Your paws help you pounce on unaware monsters.
You are incapable of wielding weapons or throwing items.
You cannot wear armour.
You gain extra lives every three experience levels.
You are partially covered in iridescent scales. (AC +2)
You are agile. (Dex +4, Str/Int -1)
Your mind is very acute. (Int +8, Str/Dex -2)
You are highly strong-willed. (Will++)
Your muscles are very strong. (Str +8, Int/Dex -2)
Your spells are much harder to cast, but much more powerful.
You have acidic saliva.
Armour fits poorly on your large pseudopods.
You are covered in slimy tendrils that may disarm your opponents.
You have a small jelly attached to you that senses nearby items.
You have a small jelly attached to you that may absorb projectiles.


Message History

The air twists around and strikes you!!
You shudder from the blast and a jelly pops out!
There is a stone staircase leading up here.
Casting: Confusing Touch (safe; 1% risk of failure)
Confirm with . or Enter, or press ? or * to list all spells.
Casting: Discord (quite dangerous; 21% risk of failure)
Press: ? - help, Dir - look around, f - activate The walking crystal tome is unaffected.
The living spell is unaffected.
The necromancer easily resists.
The caustic shrike skeleton is unaffected.
The spriggan defender zombie is unaffected.
The spriggan air mage resists with almost no effort.
The necromancer mumbles some strange words.
The necromancer binds the souls of nearby monsters.
Your acid blob hits the caustic shrike skeleton.
The caustic shrike skeleton is splashed with acid.
The acid corrodes the caustic shrike skeleton!
Unknown command.
Unknown command.
Unknown command.
The spriggan air mage waves its arms in wide circles.
The air twists around and strikes you!!
* * * LOW HITPOINT WARNING * * *
You shudder from the blast and a jelly pops out!
The necromancer gestures wildly while chanting.
The necromancer binds the souls of nearby monsters.
Your rockslime hits the caustic shrike skeleton!!
The caustic shrike skeleton holds its ground!
The walking crystal tome hits your acid blob!!
The acid corrodes the walking crystal tome!
The walking crystal tome is burned by acid!
Unknown command.
You block the caustic shrike skeleton's attack.
Your rockslime closely misses the spriggan defender zombie.
Your acid blob hits the living spell!!
The living spell is destroyed!
The spriggan air mage waves its arms in wide circles.
The air twists around and strikes you!!
You die...
Jiyva sends a jelly to digest your remains.

#.# ... #.####...# #.# '...'
#........# #.# ##...#.
#........# #.# ##.###.
##........# #.## '.J
####...##....# #..#∆ ∆
∆###∆###.....##....#
#..#######.###.......##....#
#..........................#
#.........J@...............#
#..........ZJ..............#
#..........Z######.........#
#.........J.# #...###...
#.........;.# ##### ...
#..........i# ∆
#########*.p# ∆ #.... #....


You could see a walking crystal tome (corroded), a spriggan air mage (soul
bound, repels missiles, ally target), a necromancer, a spriggan defender zombie,
a caustic shrike skeleton (corroded), a living crystal spell (summoned), a
friendly acid blob (summoned), a friendly rockslime (summoned) and a friendly
quicksilver ooze (summoned).

Vanquished Creatures
  A caustic shrike (Depths:3)
  A golden dragon (Depths:2)
  Norris (Depths:1)
  A hellephant (Depths:1)
  A walking frostbound tome (Depths:3)
  3 liches
  A quicksilver dragon (Depths:3)
  A sphinx (Depths:3)
  Agnes (D:14)
  A tengu reaver (Depths:3)
  A shadow dragon (Depths:2)
  5 fire giants
  5 frost giants
  An iron dragon (Depths:3)
  A spriggan defender (Depths:3)
  4 stone giants
  The ghost of Pynkas the Fighter, a journeyman HONe of Kikubaaqudgha (Lair:4)
  10 very ugly things
  A vampire knight (Depths:2)
  A deep elf demonologist (Depths:1)
  2 dire elephants (Lair:5)
  3 spark wasps
  A merfolk impaler (Depths:1)
  4 ettins
  Josephine (D:11)
  7 fire dragons
  An entropy weaver (shapeshifter) (D:13)
  A rakshasa (Depths:2)
  A vault guard (D:14)
  5 ice dragons
  A catoblepas (D:14)
  2 ogre magi
  4 boulder beetles
  A spriggan air mage (Depths:3)
  A death knight (D:15)
  5 hydras
  5 centaur warriors
  3 deep troll shamans
  6 tengu warriors
  4 deep troll earth magi
  A death yak (Lair:4)
  3 hell hogs (Depths:1)
  3 two-headed ogres
  3 vampire magi
  3 occultists
  A spriggan berserker (Depths:3)
  4 hell knights
  3 skysharks
  2 iron trolls (Depths:3)
  6 skeletal warriors
  2 spectral death yaks (Lair:5)
  8 deep trolls
  A spectral anaconda (Lair:5)
  Pikel (D:4)
  An orange crystal statue (Depths:2)
  3 necromancers (Lair:5)
  5 orc knights
  A deep elf pyromancer (D:13)
  16 ugly things
  Maurice (D:7)
  3 cyclopes
  3 manticores
  2 orc sorcerers (Orc:2)
  9 elephants
  3 meliai (D:15)
  A black mamba (Lair:5)
  A dire elephant zombie (Lair:5)
  3 ice statues (IceCv)
  A torpor snail (Lair:4)
  2 gargoyles
  2 kobold blastminers (Orc:1)
  12 cane toads
  2 rime drakes
  5 komodo dragons
  2 freezing wraiths
  2 trolls
  2 yaktaurs (D:14)
  A tengu conjurer (D:14)
  A polar bear (Lair:2)
  25 blink frogs
  2 hornets
  A dream sheep (Lair:4)
  The ghost of javelincjr the Sneak, an amateur OpHW (D:4)
  A spriggan (Depths:3)
  3 shadows
  A centaur simulacrum (D:11)
  2 vampires
  A dire elephant simulacrum (IceCv)
  3 water elementals
  3 wraiths (D:11)
  2 wyverns
  67 yaks
  3 basilisks
  A steam dragon (D:8)
  4 wargs
  7 vampire mosquitoes
  Edmund (D:5)
  Menkaure (D:5)
  2 redbacks (Lair:3)
  A harpy simulacrum (IceCv)
  A spectral cane toad (Lair:5)
  20 water moccasins
  A sky beast (D:6)
  6 black bears
  27 orc warriors
  4 elephant zombies (Lair:5)
  4 ice beasts
  8 ogres
  2 laughing skulls (D:15)
  2 centaurs
  2 lemures
  4 kobold brigands
  A phantom (D:5)
  13 bullfrogs
  2 scorpions
  5 cane toad simulacra
  A wyvern skeleton (D:4)
  A water moccasin zombie (D:4)
  12 wights
  The ghost of DeathSocks the Trooper, a weakling MiMo (D:3)
  5 killer bees
  3 elephant simulacra
  2 howler monkeys
  7 electric eels
  3 jellies
  4 bombardier beetles
  3 hounds
  16 orc priests
  3 iguanas
  25 orc wizards
  11 hell rats (Lair:1)
  2 polar bear simulacra (IceCv)
  2 spriggan simulacra (D:11)
  A howler monkey zombie (D:4)
  11 gnolls
  2 river rats (D:5)
  3 adders
  3 naga simulacra (D:11)
  A white imp (D:7)
  A howler monkey simulacrum (D:11)
  5 ufetubi
  2 dart slugs
  2 ribbon worms
  55 orcs
  12 endoplasms
  8 giant cockroaches
  13 goblins
  8 hobgoblins
  3 jackals (D:2)
  5 quokkas
  12 ball pythons
  6 bats
  5 frilled lizards
  35 kobolds
  15 rats
768 creatures vanquished.

Vanquished Creatures (collateral kills)
  A juggernaut (Depths:2)
  Frances (D:14)
  A tengu reaver (Depths:3)
  2 frost giants
  An orc warlord (Orc:2)
  6 stone giants (Depths:2)
  3 spark wasps
  2 ettins (Depths:2)
  2 fire dragons (Depths:2)
  2 ice dragons (Depths:2)
  A catoblepas (D:14)
  An ogre mage (D:15)
  A hydra (Lair:3)
  A boulder beetle (D:15)
  3 deep troll shamans
  6 two-headed ogres
  A centaur warrior (D:12)
  A naga warrior (D:12)
  2 deep troll earth magi (Depths:2)
  A death yak (Lair:5)
  An orc high priest (Orc:2)
  3 tengu warriors
  A hell hog (Depths:1)
  6 hell knights
  4 iron trolls (Depths:1)
  2 spriggan druids (Lair:2)
  A skeletal warrior (D:13)
  5 deep trolls
  2 necromancers (Depths:2)
  A flayed ghost (Depths:2)
  An orc knight (Orc:2)
  A deep elf pyromancer (D:12)
  An orc sorcerer (Orc:2)
  3 ugly things
  A cyclops (D:12)
  2 torpor snails
  A kobold blastminer (Orc:2)
  A yaktaur (D:14)
  3 hornets
  2 dream sheep (Lair:4)
  3 spriggans
  5 yaks
  A warg (Orc:2)
  A swamp drake (D:10)
  3 orc warriors
  2 ogres
  A bullfrog (Lair:4)
  A gnoll sergeant (D:10)
  4 killer bees (D:10)
  7 orc priests
  2 orc wizards
  3 gnolls (D:10)
  11 orcs
  A kobold (D:10)
126 creatures vanquished.

Vanquished Creatures (others)
  2 acid blobs
  A stone giant (Depths:2)
  A very ugly thing (Depths:2)
  2 spark wasps (Depths:2)
  3 glowing orange brains
  A sea snake (shapeshifter) (D:15)
  A deep troll (shapeshifter) (Depths:2)
  A deep troll (Depths:3)
  A manticore (D:15)
  A cane toad (Lair:3)
  A cane toad (shapeshifter) (Depths:3)
  A rime drake (shapeshifter) (D:15)
  3 glass eyes
  3 slime creatures (D:15)
  2 hornets
  Sigmund (D:5)
  5 yaks
  A spriggan (Depths:2)
  A hog (shapeshifter) (D:14)
  A warg (Orc:2)
  A jumping spider (shapeshifter) (Depths:3)
  3 water moccasins
  2 ogres
  2 kobold brigands
  101 jellies
  3 killer bees (D:8)
  An electric eel (D:8)
  A hound (D:5)
  3 orc priests
  An iguana (D:5)
  2 orc wizards
  3 adders
  3 gnolls (D:8)
  An ufetubus (D:6)
  A ribbon worm (Sewer)
  An endoplasm (Sewer)
  24 orcs
  A ball python (Sewer)
  A giant cockroach (Sewer)
  A frilled lizard (Sewer)
  3 kobolds
  2 butterflies (Lair:1)
194 creatures vanquished.

Grand Total: 1088 creatures vanquished

Notes
Turn   | Place    | Note
-------+----------+-------------------------------------------
     0 | D:1      | BubbleThief the Felid Enchanter began the quest for the
                  | Orb.
     0 | D:1      | Reached XP level 1. HP: 9/9 MP: 4/4
   205 | D:1      | Reached XP level 2. HP: 2/13 MP: 6/6
   208 | D:1      | Learned a level 2 spell: Ensorcelled Hibernation
   472 | D:1      | Reached skill level 5 in Hexes
   503 | D:1      | Found Ustre's Distillery.
   986 | D:2      | Reached skill level 5 in Stealth
  1043 | D:2      | Reached XP level 3. HP: 16/16 MP: 7/7
  1391 | D:1      | Learned a level 3 spell: Confusing Touch
  1552 | D:3      | Reached XP level 4. HP: 15/21 MP: 2/8
  1552 | D:3      | Gained a life (2 lives remaining)
  2059 | D:3      | Found a runed translucent gate.
  2059 | D:3      | Noticed a kobold brigand
  2062 | D:3      | Found a runed translucent gate.
  2062 | D:3      | Noticed DeathSocks's ghost (weakling MiMo)
  2063 | D:3      | Found a runed translucent gate.
  2247 | D:2      | Reached skill level 6 in Stealth
  2768 | D:3      | Reached XP level 5. HP: 18/24 MP: 6/9
  3068 | D:4      | Noticed a black bear
  3145 | D:4      | Found a runed translucent gate.
  3145 | D:4      | Found a runed translucent gate.
  3145 | D:4      | Found a runed translucent gate.
  3149 | D:4      | Noticed javelincjr's ghost (amateur OpHW)
  3208 | D:4      | HP: 1/24 [black bear (1)]
  3208 | D:4      | Mangled by a black bear
  3208 | D:4      | Lost a life (1 life remaining)
  3210 | D:4      | Noticed a lemure
  3212 | D:4      | Noticed a lemure
  3215 | D:4      | Noticed Pikel
  3217 | D:4      | Noticed a lemure
  3222 | D:4      | Killed a black bear
  3242 | D:5      | Entered Level 5 of the Dungeon
  3247 | D:5      | Found a glowing drain.
  3256 | Sewer    | Entered a sewer
  3386 | Sewer    | Gained mutation: You are covered in thick fur. (AC +2)
                  | [Felid growth]
  3386 | Sewer    | Reached XP level 6. HP: 28/28 MP: 10/10
  3443 | Sewer    | Found a viscous altar of Jiyva.
  3461 | Sewer    | Became a worshipper of Jiyva Jaohiema the Shapeless
  3694 | D:5      | Reached skill level 7 in Stealth
  3773 | D:5      | Noticed Edmund
  3785 | D:5      | Killed Edmund
  3786 | D:5      | Reached XP level 7. HP: 32/32 MP: 6/11
  3786 | D:5      | Gained a life (2 lives remaining)
  3791 | D:5      | Identified the ring "Taxton" {rC- Will+ Int+6 SInv}
  3825 | D:5      | Found a glowing golden altar of the Shining One.
  3862 | D:5      | Found Rograev's Assorted Antiques.
  3865 | D:5      | Bought an amethyst potion for 27 gold pieces
  3884 | D:5      | Reached * piety under Jiyva
  4052 | D:5      | Noticed Sigmund
  4076 | D:5      | Reached skill level 5 in Dodging
  4082 | D:5      | Killed Sigmund
  4250 | D:5      | Identified the +0 helmet "Atu Cuim" {Int+3 Dex+5}
  4268 | D:5      | Noticed Menkaure
  4277 | D:5      | Killed Menkaure
  4372 | D:4      | Reached ** piety under Jiyva
  4531 | D:4      | Reached skill level 8 in Stealth
  5109 | D:4      | Killed Pikel
  5110 | D:4      | Reached XP level 8. HP: 21/36 MP: 8/12
  5181 | D:4      | Reached skill level 9 in Stealth
  5207 | D:4      | Killed javelincjr's ghost
  5232 | D:4      | Reached skill level 5 in Unarmed Combat
  5336 | D:3      | Killed DeathSocks's ghost
  5459 | D:6      | Reached XP level 9. HP: 39/39 MP: 11/13
  5476 | D:6      | Reached skill level 10 in Hexes
  5535 | D:6      | Reached skill level 10 in Stealth
  5712 | D:6      | Reached *** piety under Jiyva
  6029 | D:7      | Found a staircase to the Ecumenical Temple.
  6178 | D:7      | Reached skill level 11 in Stealth
  6216 | D:7      | Reached **** piety under Jiyva
  6508 | D:7      | Noticed Maurice
  6523 | D:7      | Killed Maurice
  6524 | D:7      | Reached XP level 10. HP: 44/44 MP: 9/14
  6664 | D:8      | Found a flagged portal.
  6713 | Bailey   | Entered a bailey
  6718 | Bailey   | Noticed an orc warlord
  6774 | Bailey   | Found a runed translucent gate.
  6779 | Bailey   | Found a runed translucent gate.
  6780 | Bailey   | Found a runed translucent gate.
  6877 | Bailey   | Slimified an orc warlord
  6877 | Bailey   | an orc warlord changed into an acid blob
  6877 | Bailey   | Noticed an acid blob
  6878 | Bailey   | Identified the +9 morningstar "Jawugih" {venom, *Noise rF+
                  | Int+6 Stlth+}
  6890 | Bailey   | Identified the ring of the Feeding Seeker {Int+3 Slay+4}
  7114 | D:8      | Reached skill level 10 in Dodging
  7116 | D:8      | Reached skill level 12 in Stealth
  7164 | D:8      | Learned a level 2 spell: Blink
  7167 | D:8      | Learned a level 2 spell: Lesser Beckoning
  7247 | D:8      | Gained mutation: You are strong-willed. (Will+) [Jiyva's
                  | grace]
  7247 | D:8      | Gained mutation: You are highly strong-willed. (Will++)
                  | [Jiyva's grace]
  7247 | D:8      | Gained mutation: You are extremely strong-willed. (Will+++)
                  | [Jiyva's grace]
  7247 | D:8      | Gained mutation: You passively dampen the noise of your
                  | surroundings. [Jiyva's grace]
  7257 | D:8      | Reached skill level 1 in Fighting
  7420 | D:8      | Reached ***** piety under Jiyva
  8430 | D:10     | Entered Level 10 of the Dungeon
  8538 | D:10     | Reached XP level 11. HP: 38/51 MP: 13/16
  8635 | D:10     | Found a staircase to the Orcish Mines.
  8815 | D:10     | Noticed a two-headed ogre
  8834 | D:10     | Reached skill level 13 in Stealth
  8853 | D:10     | Killed a two-headed ogre
  8857 | D:10     | Found a staircase to the Lair.
  8863 | D:10     | Gained mutation: Your spells are a little harder to cast,
                  | but a little more powerful. [Jiyva's grace]
  8863 | D:10     | Gained mutation: Your spells are harder to cast, but more
                  | powerful. [Jiyva's grace]
  8863 | D:10     | Gained mutation: Your spells are much harder to cast, but
                  | much more powerful. [Jiyva's grace]
  8863 | D:10     | Gained mutation: You have a pair of small horns on your
                  | head. [Jiyva's grace]
  8890 | D:10     | Found an opulent altar of Gozag.
  9359 | Lair:1   | Entered Level 1 of the Lair of Beasts
  9458 | Lair:1   | Reached ****** piety under Jiyva
  9649 | Lair:1   | Learned a level 4 spell: Manifold Assault
  9857 | Lair:1   | Found a hide-covered altar of Uskayaw.
  9857 | Lair:1   | Found an ornate altar of the Wu Jian Council.
  9857 | Lair:1   | Noticed a boulder beetle
  9870 | Lair:1   | Killed a boulder beetle
 10288 | Lair:2   | Noticed a skyshark
 10303 | Lair:2   | Killed a skyshark
 10304 | Lair:2   | Gained mutation: Your thick and shaggy fur keeps you warm.
                  | (AC +3, rC+) [Felid growth]
 10304 | Lair:2   | Reached XP level 12. HP: 44/59 MP: 16/20
 10316 | Lair:2   | Reached skill level 5 in Fighting
 10316 | Lair:2   | Reached skill level 14 in Stealth
 10316 | Lair:2   | Reached skill level 5 in Spellcasting
 10780 | Lair:2   | Found a staircase to the Swamp.
 10789 | Lair:2   | Killed from afar by a spriggan druid
 10789 | Lair:2   | Lost a life (1 life remaining)
 10926 | Lair:3   | Noticed a six-headed hydra
 10937 | Lair:3   | Killed a six-headed hydra
 10973 | Lair:3   | Lost mutation: You have a pair of small horns on your head.
                  | [Jiyva's grace]
 10973 | Lair:3   | Lost mutation: You are extremely strong-willed. (Will+++)
                  | [Jiyva's grace]
 10973 | Lair:3   | Lost mutation: Your spells are much harder to cast, but
                  | much more powerful. [Jiyva's grace]
 10973 | Lair:3   | Lost mutation: Your spells are harder to cast, but more
                  | powerful. [Jiyva's grace]
 10973 | Lair:3   | Gained mutation: You have acidic saliva. [Jiyva's grace]
 10973 | Lair:3   | Gained mutation: Your melee attacks may engulf your foes in
                  | ooze. [Jiyva's grace]
 10973 | Lair:3   | Gained mutation: You are partially covered in iridescent
                  | scales. (AC +2) [Jiyva's grace]
 10973 | Lair:3   | Gained mutation: You are mostly covered in iridescent
                  | scales. (AC +4) [Jiyva's grace]
 10975 | Lair:3   | Found a hole to the Spider Nest.
 10990 | Lair:3   | Noticed a seven-headed hydra
 11014 | Lair:3   | Killed a seven-headed hydra
 11078 | Lair:3   | Reached skill level 10 in Unarmed Combat
 11096 | Lair:3   | Reached skill level 15 in Stealth
 11435 | Lair:3   | Reached skill level 15 in Hexes
 11646 | Lair:3   | Reached XP level 13. HP: 66/66 MP: 23/23
 11646 | Lair:3   | Gained a life (2 lives remaining)
 12567 | Lair:4   | Found a large runed translucent door.
 12567 | Lair:4   | Found a large runed translucent door.
 12569 | Lair:4   | Noticed Pynkas's ghost (journeyman HONe)
 12764 | Lair:4   | Found a staircase to the Slime Pits.
 12794 | Lair:4   | Identified the +0 ring mail of Absolutism {*Slow rElec rF+
                  | Dex+2}
 12975 | Lair:4   | Killed Pynkas's ghost
 13012 | Lair:5   | Entered Level 5 of the Lair of Beasts
 13055 | Slime:1  | Entered Level 1 of the Pits of Slime
 13058 | Slime:2  | Noticed an acid blob
 13058 | Slime:2  | Noticed a quicksilver ooze
 13063 | Slime:3  | Noticed a formless jellyfish
 13067 | Slime:4  | Noticed an acid blob
 13076 | Slime:5  | Entered Level 5 of the Pits of Slime
 13081 | Slime:5  | Noticed a rockslime
 13084 | Slime:5  | Noticed a quicksilver ooze
 13084 | Slime:5  | Noticed an acid blob
 13086 | Slime:5  | Noticed a quicksilver ooze
 13089 | Slime:5  | Noticed an acid blob
 13090 | Slime:5  | Noticed an acid blob
 13091 | Slime:5  | Noticed an acid blob
 13093 | Slime:5  | Noticed a rockslime
 13096 | Slime:5  | Noticed a rockslime
 13096 | Slime:5  | Noticed an azure jelly
 13104 | Slime:5  | Noticed a quicksilver ooze
 13105 | Slime:5  | Noticed a quicksilver ooze
 13105 | Slime:5  | Noticed a quicksilver ooze
 13105 | Slime:5  | Noticed an acid blob
 13105 | Slime:5  | Noticed an azure jelly
 13105 | Slime:5  | Noticed an acid blob
 13108 | Slime:5  | Noticed an acid blob
 13110 | Slime:5  | Noticed an acid blob
 13114 | Slime:5  | Noticed an acid blob
 13160 | Slime:5  | Noticed an acid blob
 13168 | Slime:5  | Found a viscous altar of Jiyva.
 13171 | Slime:5  | Noticed the Royal Jelly
 13172 | Slime:5  | Noticed an acid blob
 13182 | Slime:5  | Identified the ring "Ibreal" {Fly Int+3 Dex+3}
 13185 | Slime:5  | Got a starry gem with 472 turns to spare
 13187 | Slime:5  | Got a slimy rune of Zot
 13190 | Slime:5  | Identified the +0 buckler "Cuntikap" {Rampage rElec rN++
                  | SInv}
 13193 | Slime:5  | Identified the staff "Nit Duwk" {rElec rF+ rN+ Str+3 SInv
                  | Fire}
 13195 | Slime:5  | Identified the +5 orcbow of Zasugg {freeze, ^Fragile +Blink
                  | rElec Int+6}
 13244 | Slime:4  | Noticed an azure jelly
 13252 | Slime:3  | Noticed a rockslime
 13254 | Slime:3  | Noticed a formless jellyfish
 13260 | Slime:2  | Noticed an acid blob
 13392 | Lair:4   | Reached skill level 16 in Stealth
 13488 | Lair:5   | Lost mutation: You are highly strong-willed. (Will++)
                  | [Jiyva's grace]
 13488 | Lair:5   | Lost mutation: You passively dampen the noise of your
                  | surroundings. [Jiyva's grace]
 13488 | Lair:5   | Gained mutation: Your spells are harder to cast, but more
                  | powerful. [Jiyva's grace]
 13488 | Lair:5   | Gained mutation: Your spells are much harder to cast, but
                  | much more powerful. [Jiyva's grace]
 13488 | Lair:5   | Gained mutation: Your translucent skin slightly reduces
                  | your foes' accuracy. (Stealth+) [Jiyva's grace]
 13488 | Lair:5   | Gained mutation: Your translucent skin reduces your foes'
                  | accuracy. (Stealth+) [Jiyva's grace]
 14013 | Lair:5   | Noticed a dire elephant
 14014 | Lair:5   | Noticed a dire elephant
 14114 | Lair:5   | Killed a dire elephant
 14135 | Lair:5   | Killed a dire elephant
 14136 | Lair:5   | Reached XP level 14. HP: 74/74 MP: 24/24
 14163 | Lair:5   | Identified the staff "Bedaulog" {rElec Will++ Str-5 Air}
 14589 | Orc:1    | Entered Level 1 of the Orcish Mines
 14686 | Orc:2    | Entered Level 2 of the Orcish Mines
 14737 | Orc:2    | Found a roughly hewn altar of Beogh.
 14767 | Orc:2    | Reached skill level 15 in Dodging
 14788 | Orc:2    | Lost mutation: You are mostly covered in iridescent scales.
                  | (AC +4) [Jiyva's grace]
 14788 | Orc:2    | Lost mutation: You are strong-willed. (Will+) [Jiyva's
                  | grace]
 14788 | Orc:2    | Lost mutation: Your melee attacks may engulf your foes in
                  | ooze. [Jiyva's grace]
 14788 | Orc:2    | Gained mutation: You have a small jelly attached to you
                  | that senses nearby items. [Jiyva's grace]
 14788 | Orc:2    | Gained mutation: Your mind is acute. (Int +4, Str/Dex -1)
                  | [Jiyva's grace]
 14788 | Orc:2    | Gained mutation: Your mind is very acute. (Int +8, Str/Dex
                  | -2) [Jiyva's grace]
 14788 | Orc:2    | Gained mutation: You are covered in slimy tendrils that may
                  | disarm your opponents. [Jiyva's grace]
 14911 | Orc:2    | Found a staircase to the Elven Halls.
 14939 | Orc:2    | Noticed an orc warlord
 14970 | Orc:2    | Reached skill level 17 in Stealth
 14978 | Orc:2    | Killed an orc warlord
 15011 | Orc:2    | Found a roughly hewn altar of Beogh.
 15088 | Orc:2    | Found Wyihiepa's Antique Weapon Shoppe.
 15124 | Orc:2    | Found Ebezykek's Antique Armour Shoppe.
 15144 | Orc:2    | Found Zuima Urasu's Book Shoppe.
 15150 | Orc:2    | Bought the Unrestrained Analects for 572 gold pieces
 15159 | Orc:2    | Learned a level 8 spell: Discord
 15226 | Orc:2    | Found Ytten's General Store.
 15232 | Orc:2    | Bought a potion of mutation for 88 gold pieces
 15232 | Orc:2    | Bought a potion of heal wounds for 55 gold pieces
 15232 | Orc:2    | Bought a potion of invisibility for 88 gold pieces
 15232 | Orc:2    | Bought a potion of curing for 33 gold pieces
 15259 | Orc:2    | Noticed Saint Roka
 15269 | Orc:2    | Slimified Saint Roka
 15269 | Orc:2    | Saint Roka changed into Saint Roka the acid blob
 15269 | Orc:2    | Noticed Saint Roka
 15282 | Orc:2    | Killed Saint Roka the acid blob
 15826 | Orc:2    | Bought the amulet of Qitawee Vuof {Reflect rElec Int+2
                  | Dex-3 Slay+2 SH+5} for 553 gold pieces
 15932 | D:11     | Noticed Josephine
 15940 | D:11     | Killed Josephine
 16039 | D:11     | Found Odwil's Magic Scroll Emporium.
 16075 | D:11     | Bought a scroll of blinking for 97 gold pieces
 16300 | D:11     | Found a frozen archway.
 16329 | IceCv    | Entered an ice cave
 16429 | IceCv    | Reached skill level 10 in Fighting
 16448 | IceCv    | Slain by a dire elephant simulacrum
 16448 | IceCv    | Lost a life (1 life remaining)
 16494 | IceCv    | Reached skill level 18 in Stealth
 16511 | IceCv    | Got Sif Muna's Meditations on Predestined Command
 17040 | D:12     | Lost mutation: Your mind is very acute. (Int +8, Str/Dex
                  | -2) [Jiyva's grace]
 17040 | D:12     | Lost mutation: Your spells are much harder to cast, but
                  | much more powerful. [Jiyva's grace]
 17040 | D:12     | Lost mutation: Your translucent skin reduces your foes'
                  | accuracy. (Stealth+) [Jiyva's grace]
 17040 | D:12     | Lost mutation: Your translucent skin slightly reduces your
                  | foes' accuracy. (Stealth+) [Jiyva's grace]
 17040 | D:12     | Gained mutation: Armour fits poorly on your pseudopods.
                  | [Jiyva's grace]
 17040 | D:12     | Gained mutation: Armour fits poorly on your large
                  | pseudopods. [Jiyva's grace]
 17040 | D:12     | Gained mutation: Armour fits poorly on your massive
                  | pseudopods. [Jiyva's grace]
 17040 | D:12     | Gained mutation: Your mind is very acute. (Int +8, Str/Dex
                  | -2) [Jiyva's grace]
 17104 | D:12     | Found a large runed translucent door.
 17104 | D:12     | Found a large runed translucent door.
 17120 | D:12     | Found an iron altar of Okawaru.
 17120 | D:12     | Found an iron altar of Okawaru.
 17129 | D:12     | Reached XP level 15. HP: 55/80 MP: 22/25
 17129 | D:12     | Gained a life (2 lives remaining)
 17619 | D:13     | Identified the +0 chain mail of the Hall of Blades {Stlth+}
 17640 | D:13     | Mangled by a skeletal warrior
 17640 | D:13     | Lost a life (1 life remaining)
 18112 | D:14     | Noticed Louise
 18115 | D:14     | Noticed Agnes
 18119 | D:14     | Slimified Louise
 18119 | D:14     | Louise changed into Louise the slime creature
 18119 | D:14     | Noticed Louise
 18128 | D:14     | Killed Agnes
 18158 | D:14     | Lost mutation: Your spells are harder to cast, but more
                  | powerful. [Jiyva's grace]
 18158 | D:14     | Lost mutation: Armour fits poorly on your massive
                  | pseudopods. [Jiyva's grace]
 18158 | D:14     | Lost mutation: You are covered in slimy tendrils that may
                  | disarm your opponents. [Jiyva's grace]
 18158 | D:14     | Gained mutation: You are covered in slimy tendrils that may
                  | disarm your opponents. [Jiyva's grace]
 18158 | D:14     | Gained mutation: You are strong-willed. (Will+) [Jiyva's
                  | grace]
 18158 | D:14     | Gained mutation: You are highly strong-willed. (Will++)
                  | [Jiyva's grace]
 18158 | D:14     | Gained mutation: You are extremely strong-willed. (Will+++)
                  | [Jiyva's grace]
 18172 | D:14     | Reached skill level 19 in Stealth
 18184 | D:14     | Noticed Frances
 18205 | D:14     | Killed Frances
 18508 | D:14     | HP: 1/83 [vault guard/+1 great mace (18)]
 18564 | D:15     | Entered Level 15 of the Dungeon
 18564 | D:15     | Found a shimmering blue altar of Sif Muna.
 18662 | D:15     | Found Loappouve's Book Shoppe.
 18853 | D:15     | Noticed a fire giant
 18891 | D:15     | Killed a fire giant
 19107 | D:15     | Found a staircase to the Depths.
 19129 | Depths:1 | Entered Level 1 of the Depths
 19169 | Depths:1 | Reached XP level 16. HP: 42/88 MP: 17/26
 19169 | Depths:1 | Gained a life (2 lives remaining)
 19290 | Depths:1 | Noticed Norris
 19388 | Depths:1 | Reached skill level 20 in Stealth
 19442 | Depths:1 | Found a blossoming altar of Fedhas.
 19726 | Depths:1 | Found a one-way gate to the infinite horrors of the Abyss.
 19881 | Depths:1 | Noticed a hellephant
 19893 | Depths:1 | Reached skill level 15 in Unarmed Combat
 19893 | Depths:1 | Reached XP level 17. HP: 93/93 MP: 27/27
 19924 | Depths:1 | Killed a hellephant
 19943 | Depths:1 | Lost mutation: You are extremely strong-willed. (Will+++)
                  | [Jiyva's grace]
 19943 | Depths:1 | Lost mutation: Your spells are a little harder to cast, but
                  | a little more powerful. [Jiyva's grace]
 19943 | Depths:1 | Lost mutation: You have a small jelly attached to you that
                  | senses nearby items. [Jiyva's grace]
 19943 | Depths:1 | Gained mutation: You have a small jelly attached to you
                  | that senses nearby items. [Jiyva's grace]
 19943 | Depths:1 | Gained mutation: Your muscles are strong. (Str +4, Int/Dex
                  | -1) [Jiyva's grace]
 19943 | Depths:1 | Gained mutation: Your muscles are very strong. (Str +8,
                  | Int/Dex -2) [Jiyva's grace]
 19943 | Depths:1 | Gained mutation: You are agile. (Dex +4, Str/Int -1)
                  | [Jiyva's grace]
 20022 | Depths:1 | Killed Norris
 20082 | Depths:1 | Reached skill level 21 in Stealth
 20184 | Depths:1 | Found a gateway to Hell.
 20679 | Depths:2 | Found a hide-covered altar of Uskayaw.
 20679 | Depths:2 | Found a radiant altar of Vehumet.
 20681 | Depths:2 | Found a sacrificial altar of Ru.
 20681 | Depths:2 | Found a sacrificial altar of Ru.
 20688 | Depths:2 | Reached XP level 18. HP: 63/98 MP: 23/28
 20849 | Depths:2 | Noticed a golden dragon
 20857 | Depths:2 | Killed a golden dragon
 20944 | Depths:2 | Noticed a juggernaut
 20970 | Depths:2 | Killed a juggernaut
 21013 | Depths:2 | Noticed a golden dragon
 21031 | Depths:2 | Slimified a golden dragon
 21031 | Depths:2 | a golden dragon changed into an azure jelly
 21157 | Depths:2 | Noticed a lich
 21162 | Depths:2 | Killed a lich
 21168 | Depths:2 | Found a one-way gateway to a ziggurat.
 21186 | Depths:2 | Found a one-way gate leading to the halls of Pandemonium.
 21247 | Depths:2 | Noticed a lich
 21251 | Depths:2 | Killed a lich
 21394 | Depths:2 | Found a hazy altar of Hepliaklqana.
 21794 | Depths:3 | Noticed a golden dragon
 22001 | Depths:3 | Noticed a caustic shrike
 22004 | Depths:3 | Killed a caustic shrike
 22122 | Depths:3 | Killed from afar by a deep troll earth mage
 22122 | Depths:3 | Lost a life (1 life remaining)
 22176 | Depths:3 | Noticed a lich
 22190 | Depths:3 | Killed a lich
 22229 | Depths:3 | Noticed a golden dragon
 22243 | Depths:3 | Slimified a golden dragon
 22243 | Depths:3 | a golden dragon changed into an acid blob
 22311 | Depths:3 | Identified the ring "Abases" {Will- AC+4 Str-2 Int+9
                  | Stlth+}
 22343 | Depths:3 | Gained mutation: You have a small jelly attached to you
                  | that may absorb projectiles. [Jiyva's grace]
 22343 | Depths:3 | Gained mutation: Your spells are a little harder to cast,
                  | but a little more powerful. [Jiyva's grace]
 22343 | Depths:3 | Gained mutation: Your spells are harder to cast, but more
                  | powerful. [Jiyva's grace]
 22343 | Depths:3 | Gained mutation: Your spells are much harder to cast, but
                  | much more powerful. [Jiyva's grace]
 22374 | Depths:3 | Identified the amulet of the Lily {Spirit Will+ Dex+4}
 22490 | Depths:3 | Noticed a tentacled monstrosity
 22507 | Depths:3 | HP: 5/102 [tentacled monstrosity (5)]
 22507 | Depths:3 | Constricted to death by a tentacled monstrosity
 22507 | Depths:3 | Lost a life (0 lives remaining)
 22601 | Depths:3 | Noticed a walking crystal tome
 22646 | Depths:3 | Killed from afar by a spriggan air mage

Illustrated notes

Levels and vault maps discovered:
D:1:      dpeg_arrival_long_road, layout_loops_ring, serial_shops,
          nicolae_shop_real_fake_doors, chequers_serial_rivers_room_b
D:2:      layout_basic, st_stairs_3
D:3:      cheibrodos_helix_gallery, layout_basic, serial_co_window_serial,
          co_window_paths_b, co_window_corner_a, co_window_of_opportunity_a,
          co_window_paths_a, co_window_corner_a, co_window_paths_b,
          co_window_corner_a, co_window_corner_cb, co_window_of_opportunity_c,
          co_window_of_opportunity_b, gammafunk_ghost_nasty_kobolds
D:4:      layout_loops_ring, gammafunk_ghost_necromancy, serial_aquarium,
          aquarium_bridge_square [aquarium_subvault_window,
          aquarium_subvault_wall, aquarium_subvault_wall,
          aquarium_subvault_bridge], aquarium_window_fake,
          aquarium_window_corridor_3, aquarium_view_2d, aquarium_view_2f,
          aquarium_pool_corner, minmay_cut_off, uniq_pikel
D:5:      layout_gridville, mainiacjoe_overflow_small_starburst, serial_shops,
          shop, chequers_ossuary_entry_cave, cheibrodos_sewer_entry_sluice,
          hangedman_decor_push, uniq_menkaure, uniq_sigmund, uniq_edmund
D:6:      layout_rooms
D:7:      layout_basic, minmay_temple_entry_wispy, minmay_hedge_maze,
          uniq_maurice
D:8:      nicolae_moon_pools, layout_cave_pools, serial_glass, glass_columns_a,
          glass_columns_a, due_unseen_surprise, feat_on_display,
          item_on_display_a, feat_on_display, enter_bailey_5
D:9:      layout_stronghold
D:10:     layout_basic, lemuel_doored_altar, due_lair_maze_entry_diamond,
          erik_orc_1
D:11:     layout_roguey, serial_shops, shop, serial_ice, serial_ice_b,
          serial_ice_j, serial_ice_g, serial_ice_d,
          portal_ice_cave_entry_ice_simulacra, uniq_josephine
D:12:     okawaru_arena_lexackson, layout_basic
D:13:     layout_long_grid
D:14:     layout_big_octagon, grunt_vaults_entry_fortified,
          minmay_misc_feat_rugged, uniq_agnes, uniq_louise, uniq_frances
D:15:     grunt_enter_depths_snipers, layout_rooms, serial_bayou,
          serial_bayou_pond_c, serial_bayou_lagoon_a, serial_bayou_pond_c,
          serial_bayou_shore_b, serial_shops, nicolae_square_shop,
          hellmonk_sif_muna_bookshelves, minmay_diamond_spiral
Lair:1:   layout_roguey, nzn_masters_of_martial_movement, lemuel_fruit_fields
Lair:2:   layout_cave_shapes, mainiacjoe_swamp_entry_angry_trees,
          guppyfry_lair_drakes
Lair:3:   layout_cave_pods, spider_nest_entry_webs, grunt_megastairs_5,
          lemuel_fruit_tree
Lair:4:   layout_concentric_octagons, nicolae_slime_entry_field_trip,
          ebering_ghost_disaster_area
Lair:5:   due_jungle_book, layout_gridlike
Slime:1:  layout_caves
Slime:2:  layout_caves
Slime:3:  layout_caves
Slime:4:  layout_caves, nicolae_slime_barrier
Slime:5:  slime_pit_nicolae_royal_road_to_ruin
Orc:1:    layout_diamond_mine
Orc:2:    grunt_orc_cross, layout_caves, basic_altar, uniq_saint_roka
Depths:1: layout_gridlike, grunt_hell_horde, kennysheep_big_empty_room,
          nicolae_abyss_entry_one_way_or_another, fedhas_altar_3, uniq_norris
Depths:2: minmay_the_grid_octo_tiled_squarecenter [minmay_the_grid_octo_shrine,
          minmay_the_grid_octo_clover, minmay_the_grid_octo_odd_swirl,
          minmay_the_grid_octo_horde,
          minmay_the_grid_square_5x5_megaprize_crossed,
          minmay_the_grid_square_5x5_broken_cross,
          minmay_the_grid_square_5x5_seven,
          minmay_the_grid_square_5x5_hourglass,
          minmay_the_grid_square_5x5_two_walls_a], layout_gridlike,
          enter_ziggurat_f, kennysheep_pointless_box, pan_entry, hell_entry,
          serial_curves, eino_curves_01, eino_curves_01, minivault_16,
          nicolae_hepliaklqana_hippocampus
Depths:3: minmay_box_of_curves, layout_small_grid, grunt_hell_entry_dis_mu,
          gammafunk_ghost_grave, hangedman_abyss_or_decor_jellyfish_corner,
          abyss_entry, minmay_misc_feat_x, kb_rosetta

Skill      XL: |  1  2  3  4  5  6  7  8  9 10 11 12 13 14 15 16 17 18 |
---------------+-------------------------------------------------------+-----
Hexes          | 5 6 7 9 11 12 13 15 16 17 18 20 | 20.7
Stealth        | 5 6 7 8 9 11 12 13 15 16 18 19 20 21 | 21.4
Dodging        | 3 4 6 7 9 10 12 13 14 16 17 18 | 18.1
Unarmed Combat | 2 3 4 5 6 8 9 10 11 12 13 15 17 | 17.1
Fighting       | 2 4 6 8 10 11 12 14 | 14.0
Spellcasting   | 3 4 6 |  6.0

Action                     |  1- 3 |  4- 6 |  7- 9 | 10-12 | 13-15 | 16-18 || total
---------------------------+-------+-------+-------+-------+-------+-------++-------
  Melee: Unarmed           |    91 |   178 |   305 |   547 |  1003 |   426 ||  2550
         Bite              |     2 |    17 |    33 |    65 |   162 |    80 ||   359
         Punch             |     2 |       |    11 |    23 |    90 |    63 ||   189
         Headbutt          |       |       |       |    51 |       |       ||    51
         Pseudopods        |       |       |       |       |    56 |   129 ||   185
   Cast: Ensorcelled Hiber |    15 |    28 |    42 |   104 |   121 |    36 ||   346
         Confusing Touch   |       |       |    21 |     1 |    48 |    34 ||   104
         Blink             |       |       |       |     1 |     1 |       ||     2
         Lesser Beckoning  |       |       |       |     1 |     1 |       ||     2
         Discord           |       |       |       |       |       |    15 ||    15
         Manifold Assault  |       |       |       |       |       |     1 ||     1
 Invoke: Slimify           |       |       |       |     1 |     3 |     6 ||    10
         Oozemancy         |       |       |       |       |     4 |     1 ||     5
  Evoke: Wand              |       |       |       |     8 |       |       ||     8
         Phial of floods   |       |       |       |       |     1 |       ||     1
         Box of beasts     |       |       |       |       |       |     1 ||     1
    Use: Scroll            |       |     9 |       |     5 |     5 |       ||    19
         Potion            |       |       |       |       |       |     2 ||     2
   Stab: Sleeping          |    25 |    33 |    31 |    99 |   122 |    24 ||   334
         Distracted        |     2 |     2 |     2 |     2 |     7 |     9 ||    24
         Confused          |       |       |    21 |     2 |    43 |    28 ||    94
 Armour: Skin              |    27 |    63 |    91 |   141 |   257 |   141 ||   720
  Dodge: Dodged            |    63 |   236 |   339 |   582 |  1275 |   403 ||  2898
  Block: Other             |       |       |       |    53 |   198 |    52 ||   303
         Reflection        |       |       |       |       |    11 |       ||    11

Table legend: (Time is in decaauts)
 A = Elapsed time spent in this place.
 B = Non-inter-level travel time spent in this place.
 C = Inter-level travel time spent in this place.
 D = Time resting spent in this place.
 E = Time spent auto-exploring this place.
 F = Levels seen in this place.
 G = Mean time per level.
                   A        B        C        D        E       F      G
               +--------+--------+--------+--------+--------+-----+--------+
         Total |  22217 |  20922 |   1295 |    287 |  13682 |  33 |  673.2 |
       Dungeon |  11699 |  10964 |    735 |     98 |   7632 |  15 |  779.9 |
          Lair |   4891 |   4617 |    274 |      2 |   3227 |   5 |  978.2 |
    Slime Pits |    212 |    155 |     57 |      0 |      5 |   5 |   42.4 |
  Orcish Mines |   1246 |   1094 |    152 |     12 |    651 |   2 |  623.0 |
        Depths |   3377 |   3301 |     76 |    102 |   1978 |   3 | 1125.7 |
         Sewer |    311 |    311 |      0 |     71 |     77 |   1 |  311.0 |
        Bailey |    272 |    272 |      0 |      0 |    112 |   1 |  272.0 |
      Ice Cave |    207 |    207 |      0 |      2 |      0 |   1 |  207.0 |
               +--------+--------+--------+--------+--------+-----+--------+

Top non-repeatable levels by time:
     D:3: 1322 daAuts
Depths:2: 1308 daAuts
Depths:1: 1164 daAuts
  Lair:3: 1130 daAuts
  Lair:5: 1110 daAuts
  Lair:4: 1069 daAuts
     D:4: 1047 daAuts
    D:10: 985 daAuts
     D:1: 962 daAuts
     D:2: 928 daAuts
  Lair:1: 906 daAuts
Depths:3: 904 daAuts
   Orc:2: 884 daAuts
     D:5: 842 daAuts
     D:9: 832 daAuts
